 Dungeon Crawl Stone Soup version 0.29-a0-284-gf9362112df (webtiles) character file.

Game seed: 13653607195417007682

58 GigaChad the Ducker (level 3, -5/27 HPs)
             Began as a Vampire Gladiator on Mar 30, 2022.
             Killed from afar by Ijyb (9 damage)
             ... with an iceblast
             ... on level 3 of the Dungeon.
             The game lasted 00:12:12 (2000 turns).

GigaChad the Ducker (Vampire Gladiator)             Turns: 2000, Time: 00:12:12

Health: -5/27      AC:  7    Str: 13    XL:     3   Next: 76%
Magic:  3/3        EV: 12    Int: 10    God:
Gold:   126        SH:  0    Dex: 17    Spells: 2/2 levels left

rFire   . . .      SeeInvis +   a - +1 war axe
rCold   . . .      Faith    .   (no shield)
rNeg    . . .      Spirit   .   k - +1 ring mail
rPois   .          Reflect  .   c - +0 helmet
rElec   .          Harm     .   (no cloak)
rCorr   .          Rampage  .   (no gloves)
Will    .....                   (no boots)
Stlth   +.........              (no amulet)
HPRegen 0.29/turn               (no ring)
MPRegen 0.08/turn               (no ring)

@: healing quickly
A: alive, fangs 3, see invisible, vampiric 2
a: Exsanguinate


You were on level 3 of the Dungeon.
You visited 1 branch of the dungeon, and saw 3 of its levels.

You collected 126 gold pieces.

Inventory:

Hand Weapons
 a - a +1 war axe (weapon)
 h - a +0 hunting sling
 i - a +0 dagger
Missiles
 d - 3 throwing nets
 e - a javelin (quivered)
Armour
 b - a +0 leather armour
 c - a +0 helmet (worn)
 k - a +1 ring mail (worn)
Potions
 f - 2 potions of curing
 g - a potion of magic
 j - a potion of resistance
 l - a potion of mutation {unknown}


   Skills:
 + Level 2.2 Fighting
 + Level 3.5 Axes
 + Level 1.7 Throwing
 + Level 0.8 Armour
 + Level 3.6 Dodging


You had 2 spell levels left.
You didn't know any spells.
Your spell library contained the following spells:

 Spells                   Type           Power      Damage    Failure   Level
 Tukima's Dance           Hex            0%         N/A       94%         3
 Passage of Golubria      Tloc           0%         N/A       100%        4
 Yara's Violent Unravell  Hex/Tmut       0%         3d3       100%        5


Dungeon Overview and Level Annotations

Branches:
Dungeon (3/15)

Altars:
Yredelemnul

Annotations:
D:3 Ijyb


Innate Abilities, Weirdness & Mutations

Your natural rate of healing is accelerated.
You have razor-sharp teeth.
You have supernaturally acute eyesight. (SInv)
You are afflicted with vampirism and can become a bat while bloodless.


Message History

A giant cockroach comes into view.
The giant cockroach misses you.
You closely miss the giant cockroach. The giant cockroach barely misses you.
The giant cockroach bites you but does no damage.
You barely miss the giant cockroach. The giant cockroach closely misses you.
The giant cockroach bites you but does no damage.
You barely miss the giant cockroach. The giant cockroach barely misses you.
You barely miss the giant cockroach.
The giant cockroach bites you but does no damage.
The giant cockroach closely misses you.
You closely miss the giant cockroach.
The giant cockroach bites you but does no damage. x2
You hit the giant cockroach but do no damage.
The giant cockroach waves its antennae.
The giant cockroach barely misses you.
You hit the giant cockroach.
The giant cockroach is heavily wounded.
The giant cockroach bites you but does no damage. x2
You hit the giant cockroach.
You kill the giant cockroach!
Welcome back, GigaChad the Vampire Gladiator.
Press ? for a list of commands and other information.
There is a stone staircase leading down here.
You climb downwards.
Found a stone staircase leading down.
There is a stone staircase leading up here.
Found a fizzy silvery potion.
Found 6 gold pieces.
l - a fizzy silvery potion You now have 126 gold pieces (gained 6).
Ijyb the Twisted Goblin comes into view.
She is wielding a +4 dagger of venom and carrying a wand of iceblast (9).
Ijyb zaps a wand.
The mass of ice explodes!
The iceblast engulfs you!!
Ouch! That really hurt!
* * * LOW HITPOINT WARNING * * *
You hear an angry hiss.
Ijyb zaps a wand.
The mass of ice explodes!
The iceblast engulfs you.
* * * LOW HITPOINT WARNING * * *
You hear an angry hiss.
Ijyb zaps a wand.
The mass of ice explodes!
The iceblast engulfs you!
You die...

#.........##..#
#......######.##.#
##..........#..# .
#..........##.##.####
#..........##..#..#. #
#..........###.##.. #..
#...............#.#
#...#
#...............#.#...#
#..............@..g.#
#..........##########
#..........#
#..........#
#..........#
############


You could see Ijyb.

Vanquished Creatures
  2 adders (D:2)
  3 dart slugs (D:2)
  4 ball pythons (D:1)
  3 endoplasms (D:2)
  4 giant cockroaches
  3 goblins (D:2)
  2 hobgoblins
  4 quokkas
  A frilled lizard (D:2)
  A kobold (D:2)
  4 rats
31 creatures vanquished.

Notes
Turn   | Place    | Note
-------+----------+-------------------------------------------
     0 | D:1      | GigaChad the Vampire Gladiator began the quest for the Orb.
     0 | D:1      | Reached XP level 1. HP: 16/16 MP: 1/1
   270 | D:1      | Reached XP level 2. HP: 16/22 MP: 2/2
  1007 | D:2      | Found a basalt altar of Yredelemnul.
  1059 | D:2      | Gained mutation: You are afflicted with vampirism and can
                  | become a bat while bloodless. [Vampire growth]
  1059 | D:2      | Reached XP level 3. HP: 24/27 MP: 3/3
  1993 | D:3      | Noticed Ijyb
  2000 | D:3      | Killed from afar by Ijyb

Illustrated notes

Levels and vault maps discovered:
D:1:      dpeg_arrival_simpleton_a, layout_loops_corners, glass_columns_b
D:2:      layout_basic, basic_altar
D:3:      minmay_skewed_foursquare, layout_basic, nicolae_wu_jian_wuxing_cycle,
          mainiacjoe_overflow_alcove_4, uniq_ijyb

Skill      XL: |  1  2 |
---------------+-------+-----
Fighting       | 2 |  2.2
Axes           | 3 |  3.5
Throwing       | |  1.7
Armour         | |  0.8
Dodging        | |  3.6

Action                   || total
-------------------------++-------
Melee: War axe           ||    87
       Bite              ||     8
  Use: Scroll            ||     7
Armor: Leather armour    ||    23
       Ring mail         ||    12
Dodge: Dodged            ||    79

Table legend: (Time is in decaauts)
 A = Elapsed time spent in this place.
 B = Non-inter-level travel time spent in this place.
 C = Inter-level travel time spent in this place.
 D = Time resting spent in this place.
 E = Time spent auto-exploring this place.
 F = Levels seen in this place.
 G = Mean time per level.
                   A        B        C        D        E       F      G
               +--------+--------+--------+--------+--------+-----+--------+
         Total |   2030 |   1967 |     63 |      0 |      0 |   3 |  676.7 |
       Dungeon |   2030 |   1967 |     63 |      0 |      0 |   3 |  676.7 |
               +--------+--------+--------+--------+--------+-----+--------+

Top non-repeatable levels by time:
     D:2: 1156 daAuts
     D:1: 773 daAuts
     D:3: 100 daAuts
